AoeStats
← Goblin King

Migration

508319597Analyzed
1v1 RM · 12d ago on Sep 21, 2026· 28m 30s· 2 players
Game mode
Random Map
Map size
132×132
Population
200
Speed
Normal
Resources
Standard
Victory
Conquest
Starting age
Dark Age
Ending age
Imperial Age
RankedLock teamsTeams togetherTeam positionsShared explorationLock speedFull tech treeHidden civsTurbo modeCheats
Victory
Defeat
🇧🇷 Koreans · Brazil
492
+18
🇬🇧 Vikings · United Kingdom
525
-22
francisletsfly
14:04 Feudal Age
14:36 Double-Bit Axe
14:35 Fishing Lines
14:49 Gold Mining
14:51 Stone Mining
15:27 Horse Collar
15:58 Loom
15:58 Town Watch
16:52 Wheelbarrow
18:50 Fletching
19:11 Forging
19:02 Scale Mail Armor
24:08 Castle Age
27:00 Gillnets
27:39 Bow Saw
28:03 Bodkin Arrow
Goblin King
15:19 Feudal Age
20:27 Fishing Lines
Connection lost

Rejoining the realm…

Still unreachable

The connection could not be restored.

Session expired

The server has moved on; the page needs a fresh start.